[Event "*** Titled Tuesday Blitz"]
[Site "Chess.com"]
[Date "2020.05.12"]
[Round "9"]
[White "Shubinkirill2003"]
[Black "silverback96"]
[Result "1-0"]
[WhiteElo "2594"]
[BlackElo "2272"]
[TimeControl "180+1"]
[EndTime "11:41:07 PDT"]
[Termination "Shubinkirill2003 won by resignation"]

1. e4 e6 2. d4 d5 3. Nc3 Nf6 4. Bg5 dxe4 5. Nxe4 Nbd7 6. Nf3 h6 7. Nxf6+ Nxf6 8. Be3 Nd5 9. Bd2 c5 10. Bb5+ Bd7 11.
Bxd7+ Qxd7 12. c4 Nf6 13. O-O cxd4 14. Ne5 Qc7 15. Qa4+ Nd7 16. Bf4 Bd6 17. Rfe1 O-O-O 18. Nxf7 Bxf4 19. Nxh8 Rxh8 20. Qxa7 Nc5 21. g3 Be5 22. b4 Na6 23. b5 Nc5 24. b6 Qb8 25. Qa3 Bd6 26. Qf3 Rf8 27. Qg4 Rf7 28. Qxd4 Nd7 29.
Rxe6 Kd8 30. Rxd6 1-0

[Event "*** Titled Tuesday Blitz"]
[Site "Chess.com"]
[Date "2020.05.12"]
[Round "9"]
[White "dianosky"]
[Black "atwalcb"]
[Result "0-1"]
[WhiteElo "2385"]
[BlackElo "2305"]
[TimeControl "180+1"]
[EndTime "11:41:07 PDT"]
[Termination "atwalcb won by checkmate"]

1. d4 d6 2. c4 e5 3. d5 f5 4. Nc3 Nf6 5. f3 Be7 6. e3 O-O 7. Bd3 a5 8. Qc2 g6 9. Nge2 Na6 10. a3 Nc5 11. Rb1 a4 12. O-O b6 13. Ng3 h5 14. Be2 h4 15. Nh1 Ba6 16. Bd2 Bb7 17. Be1 Nh7 18. Bf2 g5 19. e4 f4 20.
h3 Bc8 21. Bxc5 bxc5 22. Nxa4 Bd7 23. Nc3 Nf6 24. Nf2 Nh5 25. Rfc1 Ng3 26. Bf1 Qc8 27. Ra1 Qa6 28. Qd3 Rfb8 29. b4 cxb4 30. axb4 Qxa1 31. Rxa1 Rxa1 32. Nfd1 Rxb4 33. Kf2 Bd8 34. Qd2 Rb3 35.
Qc2 Rxc3 36. Qxc3 Rxd1 37. Be2 Nh1# 0-1

[Event "*** Titled Tuesday Blitz"]
[Site "Chess.com"]
[Date "2020.05.12"]
[Round "9"]
[White "Andro2"]
[Black "levallem"]
[Result "0-1"]
[WhiteElo "2422"]
[BlackElo "2173"]
[TimeControl "180+1"]
[EndTime "11:41:09 PDT"]
[Termination "levallem won by resignation"]

1. d4 Nf6 2. Nf3 e6 3. Bg5 Be7 4. Nbd2 d5 5. e3 O-O 6. Bd3 c5 7. c3 cxd4 8. exd4 b6 9. Qe2 a5 10. O-O Ba6 11. Rfe1 Bxd3 12. Qxd3 h6 13. Bf4 Nbd7 14.
h3 Qc8 15. a4 Qa6 16. Qe3 b5 17. Ne5 bxa4 18. Bxh6 gxh6 19. Qxh6 Nxe5 20. Rxe5 Nh7 21.
Rh5 Qd3 22. Rh4 Bxh4 23. Nf3 Bf6 24. Re1 Rfb8 25. Re3 Qg6 26. Qf4 Rxb2 27. Ne5 Bxe5 28. dxe5 a3 29. Rg3 a2 30. Rxg6+ fxg6 31. Qg4 Nf8 0-1

[Event "*** Titled Tuesday Blitz"]
[Site "Chess.com"]
[Date "2020.05.12"]
[Round "9"]
[White "Nagimov_Artiom"]
[Black "chenxiaoyuer"]
[Result "0-1"]
[WhiteElo "2379"]
[BlackElo "2240"]
[TimeControl "180+1"]
[EndTime "11:41:14 PDT"]
[Termination "chenxiaoyuer won by resignation"]

1. d4 Nf6 2. Nf3 g6 3. c4 Bg7 4. g3 O-O 5. Bg2 d6 6. Nc3 Nc6 7. O-O Bg4 8. h3 Bxf3 9. Bxf3 Nd7 10. e3 e5 11. Ne2 Qf6 12. Bxc6 bxc6 13. f4 exd4 14.
exd4 Qe6 15. Qd3 Qxh3 16. Qf3 c5 17. Be3 Nf6 18. Qg2 Qe6 19. Rf3 Ng4 20. Bd2 Qxc4 21. Rc1 Qxa2 22. dxc5 Qxb2 23. Bc3 Bxc3 24. Rfxc3 Rfe8 25.
Nd4 Qxg2+ 26. Kxg2 dxc5 27. Rxc5 Re3 28. Rxc7 Rae8 29. Rxa7 Rd3 30. Ra8 Rxa8 0-1

[Event "*** Titled Tuesday Blitz"]
[Site "Chess.com"]
[Date "2020.05.12"]
[Round "9"]
[White "VALPARAISO37"]
[Black "Juanovic"]
[Result "1-0"]
[WhiteElo "2355"]
[BlackElo "2175"]
[TimeControl "180+1"]
[EndTime "11:41:14 PDT"]
[Termination "VALPARAISO37 won by resignation"]

1. d4 d5 2. c4 c6 3. Nc3 Nf6 4. e3 e6 5. Nf3 Nbd7 6. Bd3 dxc4 7. Bxc4 b5 8. Be2 a6 9. e4 c5 10.
e5 Nd5 11. Nxd5 exd5 12. dxc5 Nxc5 13. O-O Be7 14. Nd4 Bb7 15. f4 O-O 16. Be3 Ne4 17.
Nf5 Rc8 18. Bd4 g6 19. Nh6+ Kg7 20. Ng4 Bc5 21. Bf3 Qb6 22. Bxc5 Qxc5+ 23. Kh1 h5 24.
Bxe4 hxg4 25. Bd3 g3 26. Qg4 gxh2 27. f5 Qe3 28. f6+ Kh7 29. Rf3 Rc1+ 30. Rxc1 Qxc1+ 31. Bf1 Rh8 32. Qd7 Rf8 33. Qxb7 Qxb2 34. e6 1-0

[Event "*** Titled Tuesday Blitz"]
[Site "Chess.com"]
[Date "2020.05.12"]
[Round "9"]
[White "FMJoseHerrera"]
[Black "TST2014"]
[Result "1-0"]
[WhiteElo "2645"]
[BlackElo "2582"]
[TimeControl "180+1"]
[EndTime "11:41:15 PDT"]
[Termination "FMJoseHerrera won by resignation"]

1. Nf3 Nf6 2. g3 b6 3. Bg2 Bb7 4. d3 g6 5. Nc3 Bg7 6. e4 O-O 7.
h4 c5 8. h5 Nxh5 9. Bg5 Nc6 10. Qd2 Nd4 11. Bh6 e6 12. Bxg7 Kxg7 13. g4 Nxf3+ 14.
Bxf3 Qf6 15. Qe3 Nf4 16. e5 Bxf3 17. exf6+ Kxf6 18. Qxf4+ Kg7 19. Qxf3 d5 20. g5 f5 21. O-O-O d4 22. Ne2 Rae8 23. Rh6 Re7 24. Rdh1 Rh8 25. Nf4 e5 26. Nd5 e4 27. Qh3 Re5 28. Rxh7+ Rxh7 29. Qxh7+ Kf8 30. Qh8+ Kf7 31. Qf6+ 1-0

[Event "*** Titled Tuesday Blitz"]
[Site "Chess.com"]
[Date "2020.05.12"]
[Round "9"]
[White "zurzan"]
[Black "VladimirBugayev"]
[Result "0-1"]
[WhiteElo "1964"]
[BlackElo "2148"]
[TimeControl "180+1"]
[EndTime "11:41:21 PDT"]
[Termination "VladimirBugayev won by resignation"]

1. f4 d5 2. Nf3 c6 3. g3 Nf6 4. Bg2 Bf5 5. O-O e6 6. d3 h6 7. h3 h5 8. Qe1 c5 9. Nh4 Be7 10.
Nxf5 exf5 11. c3 Nc6 12. Nd2 O-O 13. Nf3 Re8 14. Ne5 Bd6 15. Nxc6 bxc6 16. Qf2 Qb6 17.
Kh1 g6 18. b3 Re6 19. Bb2 Rae8 20. Rae1 h4 21. gxh4 Nh5 22. e3 a5 23. Bc1 a4 24. e4 dxe4 25. dxe4 fxe4 26. f5 Ng3+ 27. Kg1 Nxf5 28. h5 Bg3 29. Qe2 c4+ 30. Kh1 Bxe1 31. hxg6 Ng3+ 0-1

[Event "*** Titled Tuesday Blitz"]
[Site "Chess.com"]
[Date "2020.05.12"]
[Round "9"]
[White "CzechmVIII"]
[Black "grandcoach"]
[Result "1/2-1/2"]
[WhiteElo "2208"]
[BlackElo "2035"]
[TimeControl "180+1"]
[EndTime "11:41:22 PDT"]
[Termination "Game drawn by repetition"]

1. e4 c5 2. Nf3 Nc6 3. Nc3 e6 4.
d4 cxd4 5. Nxd4 Qc7 6. Qd3 a6 7.
Nxc6 bxc6 8. Qg3 Qxg3 9. hxg3 d5 10. g4 Nf6 11. g5 Nxe4 12. Nxe4 dxe4 13. Rh4 c5 14.
Rxe4 Bb7 15. Rh4 Be7 16. Rh2 Bd6 17. g3 Ke7 18. Bd3 f5 19. gxf6+ gxf6 20. Be3 h5 21. O-O-O h4 22. Rxh4 Rxh4 23. gxh4 Rh8 24. Rg1 Kf7 25.
Bg6+ Ke7 26. Bd3 Kf7 27. Bg6+ Ke7 28. Bd3 1/2-1/2

[Event "*** Titled Tuesday Blitz"]
[Site "Chess.com"]
[Date "2020.05.12"]
[Round "9"]
[White "manitodeplomo"]
[Black "petrkostenko"]
[Result "1-0"]
[WhiteElo "2616"]
[BlackElo "2482"]
[TimeControl "180+1"]
[EndTime "11:41:26 PDT"]
[Termination "manitodeplomo won by resignation"]

1. d4 e6 2. c4 b6 3. Nf3 Bb7 4. g3 Bb4+ 5. Nbd2 Bxf3 6. exf3 Bxd2+ 7. Qxd2 d5 8. b3 Ne7 9. Bg2 O-O 10. O-O Nbc6 11.
Bb2 Qd7 12. Rfd1 Rfd8 13. Rac1 Rac8 14. f4 a5 15. Bf3 h6 16. Kg2 Nf5 17. cxd5 exd5 18.
Re1 Nfe7 19. h3 Re8 20. Bg4 f5 21. Bh5 g6 22. Bf3 Kf7 23. Ba3 Ng8 24. Re5 Nf6 25. Re3 Ne4 26. Qd1 Na7 27. Be2 Nb5 28. Bb2 Qd6 29.
Bxb5 1-0

[Event "*** Titled Tuesday Blitz"]
[Site "Chess.com"]
[Date "2020.05.12"]
[Round "9"]
[White "AlexZambrano"]
[Black "Maksimus1998"]
[Result "0-1"]
[WhiteElo "2310"]
[BlackElo "2459"]
[TimeControl "180+1"]
[EndTime "11:41:28 PDT"]
[Termination "Maksimus1998 won by resignation"]

1. Nf3 c5 2. g3 b6 3. Bg2 Bb7 4. c4 Nf6 5. O-O e6 6. d4 cxd4 7.
Nxd4 Bxg2 8. Kxg2 Qc7 9. b3 d5 10.
Nb5 Qb7 11. Kg1 a6 12. Nd4 dxc4 13. bxc4 Be7 14. Nc3 O-O 15. Nf3 Nbd7 16. Bf4 Rac8 17. Qb3 Nc5 18. Qc2 Nce4 19. Nxe4 Nxe4 20. Be3 b5 21.
Rab1 Qa8 22. Ne5 bxc4 23. Nd7 Rfd8 24. Nb6 Qc6 25. Nxc8 Rxc8 26. Rb6 Qa8 27. Rfb1 Nf6 28. Qa4 a5 29. Rb7 Nd5 30. Bd4 c3 31. e4 c2 32.
Rc1 Qxb7 33. exd5 Qxd5 34. Be3 h6 35. Rxc2 Qd1+ 0-1

[Event "*** Titled Tuesday Blitz"]
[Site "Chess.com"]
[Date "2020.05.12"]
[Round "9"]
[White "arminmusovic"]
[Black "zala02"]
[Result "1-0"]
[WhiteElo "2527"]
[BlackElo "2256"]
[TimeControl "180+1"]
[EndTime "11:41:28 PDT"]
[Termination "arminmusovic won by resignation"]

1. a3 d5 2. Nc3 c5 3. e4 d4 4. Nce2 e5 5. Ng3 Nc6 6. Bb5 Ne7 7. Bxc6+ Nxc6 8. d3 g6 9. N1e2 Bg7 10. f4 exf4 11. Bxf4 O-O 12. Qd2 f5 13. O-O fxe4 14. Nxe4 Qd5 15.
Bd6 Rxf1+ 16. Rxf1 c4 17. Rf8+ Bxf8 18. Nf6+ Kg7 19. Nxd5 Bxd6 20. Qg5 Be5 21. Nef4 Bf5 22. g4 h6 23. Nh5+ Kh7 24. Ndf6+ Bxf6 25. Qxf6 gxh5 26. Qxf5+ Kg7 27. Qd7+ Kg6 28. Qxb7 Rf8 29. Qxc6+ Rf6 30. Qe4+ Kg7 31. gxh5 c3 32. bxc3 dxc3 33. h4 Kf7 34. Qc4+ Ke7 35. Qxc3 1-0

[Event "*** Titled Tuesday Blitz"]
[Site "Chess.com"]
[Date "2020.05.12"]
[Round "9"]
[White "HaryKane"]
[Black "Baby_Shak"]
[Result "0-1"]
[WhiteElo "2599"]
[BlackElo "2495"]
[TimeControl "180+1"]
[EndTime "11:41:32 PDT"]
[Termination "Baby_Shak won by resignation"]

1. e4 d5 2. exd5 Nf6 3. Nf3 Nxd5 4. d4 Bg4 5. Be2 e6 6. O-O Be7 7. c4 Nb6 8. c5 Nd5 9. Qb3 Nc6 10. Qxb7 Ndb4 11.
Ne5 Nxe5 12. Bxg4 Rb8 13. Qe4 Nxg4 14. Qxg4 Nc2 15. Na3 Nxa1 16. Be3 O-O 17. Rxa1 Rxb2 18. Nc4 Rc2 19. Ne5 Qd5 20. a4 Bf6 21. Nd3 Rb8 22.
h3 Qf5 23. Qxf5 exf5 24. Nf4 c6 25. Rd1 Rcb2 26. d5 Rb1 27. Rxb1 Rxb1+ 28. Kh2 Be5 29. dxc6 g5 30. Bd4 Bxf4+ 31. g3 Bc7 0-1

[Event "*** Titled Tuesday Blitz"]
[Site "Chess.com"]
[Date "2020.05.12"]
[Round "9"]
[White "dennisodessa"]
[Black "OhanyanEminChess"]
[Result "0-1"]
[WhiteElo "2321"]
[BlackElo "2456"]
[TimeControl "180+1"]
[EndTime "11:41:32 PDT"]
[Termination "OhanyanEminChess won by resignation"]

1. c4 Nf6 2. d4 c5 3. d5 b5 4.
cxb5 a6 5. bxa6 g6 6. Nc3 Bg7 7. Nf3 O-O 8. e3 d6 9. Be2 Qa5 10.
O-O Bxa6 11. Bd2 Nbd7 12. a4 Rfb8 13. Nb5 Qb6 14. Bc3 Ne8 15. Bxg7 Kxg7 16. b4 cxb4 17. Qb3 Qa5 18. Rfb1 Bxb5 19. Bxb5 Nc5 20. Qxb4 Qxb4 21.
Rxb4 Nc7 22. e4 Nxb5 23. Rab1 Rxa4 24. Rxb5 Rxb5 25. Rxb5 Ra1+ 0-1

[Event "*** Titled Tuesday Blitz"]
[Site "Chess.com"]
[Date "2020.05.12"]
[Round "9"]
[White "Grandelicious"]
[Black "oneshot007"]
[Result "1-0"]
[WhiteElo "2747"]
[BlackElo "2424"]
[TimeControl "180+1"]
[EndTime "11:41:33 PDT"]
[Termination "Grandelicious won on time"]

1. Nf3 c5 2. c4 g6 3. d4 cxd4 4. Nxd4 Bg7 5. e4 Nc6 6. Be3 Qb6 7. Nb5 Qa5+ 8. N1c3 Nf6 9. Nd4 Nxe4 10. Qd3 Nxc3 11.
bxc3 O-O 12. Be2 d6 13. O-O Ne5 14. Qd2 Bd7 15. Rab1 b6 16. f4 Nc6 17. Nb5 Rfc8 18. Rb3 Qa6 19. c5 Na5 20. Nxd6 Nxb3 21. axb3 b5 22.
Nxc8 Qxc8 23. Rd1 Be6 24. b4 a6 25. Bf3 Ra7 26. Qd8+ Qxd8 27. Rxd8+ Bf8 28. f5 Rd7 29. Rb8 1-0

[Event "*** Titled Tuesday Blitz"]
[Site "Chess.com"]
[Date "2020.05.12"]
[Round "9"]
[White "Godzillator"]
[Black "Gennady_Kozlov"]
[Result "1/2-1/2"]
[WhiteElo "2476"]
[BlackElo "2603"]
[TimeControl "180+1"]
[EndTime "11:41:33 PDT"]
[Termination "Game drawn by agreement"]

1. d4 e6 2. c4 b6 3. Nc3 Bb7 4.
Qc2 f5 5. Nf3 Nf6 6. Bg5 Be7 7.
e3 Ne4 8. Nxe4 Bxe4 9. Bxe7 Qxe7 10. Bd3 Bxf3 11. gxf3 Nc6 12. a3 g6 13. O-O-O a5 14.
d5 Ne5 15. Be2 exd5 16. Rxd5 d6 17. f4 Nd7 18. Bf3 Rd8 19. h4 Nc5 20. h5 Kd7 21. b4 axb4 22. axb4 Ne4 23. Bxe4 Qxe4 24. Qxe4 fxe4 25. Rg5 gxh5 26. Rgxh5 Kc6 27. Rxh7 Rxh7 28.
Rxh7 b5 29. cxb5+ Kb6 30. Re7 d5 31. Kc2 Ra8 32. Kc3 Ra3+ 33. Kd4 Rd3+ 34. Ke5 Rd2 35. f5 Rxf2 36. Rd7 Kxb5 37. Rxd5+ Kxb4 38. Kxe4 c5 39. Rd8 c4 40. Rb8+ Kc3 41. Ke5 Kd3 42. e4 c3 43.
Rd8+ Ke3 44. Rc8 c2 45. f6 Kd2 46. Ke6 Rf3 47. Rxc2+ Kxc2 48. e5 Kd3 49. Kf7 Ke4 50. Ke7 1/2-1/2

[Event "*** Titled Tuesday Blitz"]
[Site "Chess.com"]
[Date "2020.05.12"]
[Round "9"]
[White "kirillshevchenko"]
[Black "Bathory44"]
[Result "1-0"]
[WhiteElo "2816"]
[BlackElo "2607"]
[TimeControl "180+1"]
[EndTime "11:41:35 PDT"]
[Termination "kirillshevchenko won by resignation"]

1. e4 e6 2. d4 d5 3. Nc3 Nf6 4. e5 Nfd7 5. f4 c5 6. Nf3 Nc6 7. Be3 Be7 8. Qd2 O-O 9. dxc5 Qa5 10. O-O-O b6 11. Bb5 Nb4 12. a3 bxc5 13. Kb1 Nb6 14. f5 Rb8 15. f6 gxf6 16. Bxc5 Nc6 17. Qh6 Nd7 18. Bd3 f5 19. Bxe7 Qxc3 20. Bb4 Rxb4 21.
axb4 Qxb4 22. Ng5 1-0

[Event "*** Titled Tuesday Blitz"]
[Site "Chess.com"]
[Date "2020.05.12"]
[Round "9"]
[White "Quaternitychess"]
[Black "GMSrinath"]
[Result "1-0"]
[WhiteElo "2702"]
[BlackElo "2812"]
[TimeControl "180+1"]
[EndTime "11:41:38 PDT"]
[Termination "Quaternitychess won by resignation"]

1. e4 e5 2. Nf3 Nc6 3. d4 exd4 4.
Nxd4 Nf6 5. Nxc6 bxc6 6. e5 Qe7 7. Qe2 Nd5 8. h4 d6 9. c4 Nb6 10. exd6 Qxe2+ 11. Bxe2 cxd6 12. Nc3 Be6 13. b3 Be7 14. Bg5 h6 15. Bxe7 Kxe7 16. Bf3 Rac8 17. O-O-O Rhd8 18. Rhe1 d5 19. cxd5 cxd5 20. Kb2 g5 21.
hxg5 hxg5 22. Nxd5+ Kf8 23. Nxb6 axb6 24. Rxd8+ Rxd8 25. Rd1 Rb8 26. a4 g4 27. Be2 Ke7 28. Rd4 Rh8 29. g3 Rh2 30. Rf4 f5 31. b4 Rh1 32.
a5 bxa5 33. bxa5 Re1 34. Bd3 Re5 35. a6 Ra5 36. Kc3 Kd6 37. Kb4 Ra1 38. Bxf5 Bd5 39. Bxg4 Rb1+ 40. Kc3 Kc5 41. Be2 Rb3+ 42. Kc2 Ra3 43. Bd3 Ra2+ 44. Kc3 Ra3+ 45. Kd2 Bc6 46. g4 Kd6 47. g5 Ke5 48. Rb4 Bd7 49. f4+ 1-0

[Event "*** Titled Tuesday Blitz"]
[Site "Chess.com"]
[Date "2020.05.12"]
[Round "9"]
[White "I_Hit_18K_on_BS"]
[Black "CHENNAIBOND"]
[Result "0-1"]
[WhiteElo "2105"]
[BlackElo "1301"]
[TimeControl "180+1"]
[EndTime "11:41:40 PDT"]
[Termination "CHENNAIBOND won on time"]

1. e4 c5 2. Nf3 Nc6 3. d4 cxd4 4. Nxd4 Nf6 5. Nc3 e5 6. Ndb5 d6 7. Bg5 a6 8. Bxf6 gxf6 9. Na3 b5 10. Nd5 f5 11. Bd3 Be6 12. O-O Bxd5 13. exd5 Ne7 14. Qh5 Qd7 15. c4 e4 16. Be2 Bg7 17. Rab1 O-O 18.
cxb5 Nxd5 19. Qg5 h6 20. Qg3 f4 21. Qb3 Qf5 22. Rbd1 f3 0-1

[Event "*** Titled Tuesday Blitz"]
[Site "Chess.com"]
[Date "2020.05.12"]
[Round "9"]
[White "Khamrakulov_Djurabek"]
[Black "ALeks_Ivlev"]
[Result "1-0"]
[WhiteElo "2805"]
[BlackElo "2602"]
[TimeControl "180+1"]
[EndTime "11:41:41 PDT"]
[Termination "Khamrakulov_Djurabek won by resignation"]

1. e4 c5 2. c3 Nf6 3. e5 Nd5 4.
d4 cxd4 5. cxd4 Nc6 6. Nf3 d6 7.
Bc4 dxe5 8. Nxe5 Nxe5 9. dxe5 e6 10. O-O Be7 11. Qg4 Kf8 12. Rd1 Qc7 13. Qe2 Bd7 14. Bxd5 exd5 15. Nc3 d4 16. Nd5 Qc5 17. Nxe7 Qxe7 18. Rxd4 Bc6 19. Bd2 Kg8 20. Bb4 Qg5 21. f3 h6 22. e6 fxe6 23. Qxe6+ Kh7 24. Rg4 Rhe8 25. Qf7 Qe3+ 26. Kh1 Rg8 27. Bc3 1-0

[Event "*** Titled Tuesday Blitz"]
[Site "Chess.com"]
[Date "2020.05.12"]
[Round "9"]
[White "diablanni"]
[Black "Olga_Girya"]
[Result "1/2-1/2"]
[WhiteElo "2316"]
[BlackElo "2424"]
[TimeControl "180+1"]
[EndTime "11:41:43 PDT"]
[Termination "Game drawn by repetition"]

1. e4 c5 2. Nf3 Nc6 3. Bb5 Nf6 4. Bxc6 dxc6 5. d3 Bg4 6. h3 Bh5 7. Nc3 Nd7 8. g4 Bg6 9. Bf4 e6 10. Qd2 c4 11. dxc4 Bb4 12. O-O-O Nc5 13. Qe3 Qa5 14. Bd6 O-O-O 15. a3 Bxa3 16. bxa3 Qxa3+ 17. Kb1 Qb4+ 18. Kc1 Qa3+ 19. Kb1 Qb4+ 20. Kc1 Qa3+ 1/2-1/2

[Event "*** Titled Tuesday Blitz"]
[Site "Chess.com"]
[Date "2020.05.12"]
[Round "9"]
[White "MasterKroket"]
[Black "martabartel"]
[Result "0-1"]
[WhiteElo "2410"]
[BlackElo "2310"]
[TimeControl "180+1"]
[EndTime "11:41:43 PDT"]
[Termination "martabartel won by resignation"]

1. d4 d5 2. c4 e6 3. Nc3 a6 4. e3 Nf6 5. Nf3 Be7 6. b3 O-O 7. Bb2 b6 8. Bd3 Bb7 9. Qc2 c5 10. cxd5 exd5 11. O-O-O Nc6 12. a3 c4 13. bxc4 dxc4 14. Bxc4 Rc8 15. Bd3 b5 16. Kb1 b4 17.
axb4 Nxb4 18. Qe2 Qa5 19. Bc4 Rxc4 20. Qxc4 Rc8 21. Qb3 Ne4 22. Rc1 Nxc3+ 23. Rxc3 Be4+ 24. Kc1 Na2+ 25. Kd2 Nxc3 26. Bxc3 Rxc3 27. Ra1 Rxb3+ 28. Rxa5 Bb4+ 0-1

[Event "*** Titled Tuesday Blitz"]
[Site "Chess.com"]
[Date "2020.05.12"]
[Round "9"]
[White "artooon"]
[Black "Msb2"]
[Result "0-1"]
[WhiteElo "2730"]
[BlackElo "2903"]
[TimeControl "180+1"]
[EndTime "11:41:44 PDT"]
[Termination "Msb2 won by checkmate"]

1. e4 e6 2. d4 d5 3. Nd2 c5 4. c3 cxd4 5. cxd4 dxe4 6. Nxe4 Nf6 7. Nxf6+ Qxf6 8. Nf3 Bb4+ 9. Bd2 Bxd2+ 10. Qxd2 Bd7 11. Qb4 Bc6 12. Ne5 Qe7 13. Qxe7+ Kxe7 14. Rc1 Rd8 15. Rd1 f6 16. Nc4 Bd5 17. Ne3 Bxa2 18. Ra1 Bd5 19. Bd3 Nc6 20. O-O Nxd4 21. Bxh7 Bc6 22. Rfd1 f5 23. Kh1 Kf6 24. Rd2 Nb3 25. Rxd8 Rxd8 26. Ra3 Nc5 27. Rc3 Ne4 28. Rc2 Ng5 29.
h4 Nxh7 30. Kh2 Nf8 31. f4 Ng6 32. Re2 Nxf4 33. Rf2 Nd3 34. Rf1 Rd4 35. Nc2 Rxh4+ 36. Kg1 Rg4 37. Ne3 Rg3 38. Re1 Nxe1 39. Kf2 Rxe3 40. Kxe3 Nxg2+ 41. Kd4 e5+ 42. Kc5 e4 43.
b4 a6 44. b5 axb5 45. Kb4 e3 46. Ka5 e2 47. Kb6 e1=B 48. Kc5 f4 49. Kd6 f3 50.
Kc7 f2 51. Kc8 f1=B 52. Kb8 g5 53. Ka8 g4 54. Kb8 g3 55. Kc8 Nf4 56. Kc7 b4 57. Kb6 b3 58. Ka7 b2 59. Kb8 g2 60. Ka8 g1=B 61. Kb8 b1=Q 62. Ka8 Qh7 63. Kb8 b5 64.
Kc8 Qe7 65. Kb8 b4 66. Kc8 b3 67. Kb8 b2 68. Kc8 Bb6 69. Kb8 Nd5 70. Kc8 b1=N 71. Kb8 Nbc3 72. Kc8 Nb5 73. Kb8 Nb4 74. Kc8 Nd6+ 75.
Kb8 Na6# 0-1

[Event "*** Titled Tuesday Blitz"]
[Site "Chess.com"]
[Date "2020.05.12"]
[Round "9"]
[White "Indianlad"]
[Black "Abund"]
[Result "1-0"]
[WhiteElo "2920"]
[BlackElo "2627"]
[TimeControl "180+1"]
[EndTime "11:41:45 PDT"]
[Termination "Indianlad won on time"]

1. Nf3 Nf6 2. b3 g6 3. Bb2 Bg7 4. e3 O-O 5. c4 c5 6. Be2 b6 7.
O-O Bb7 8. Nc3 d5 9. cxd5 Nxd5 10. Qc1 Nb4 11. d4 cxd4 12. Nxd4 N8c6 13. Nxc6 Nxc6 14. Rd1 Qe8 15. Nd5 Rc8 16. Bxg7 Kxg7 17. Qb2+ f6 18. Bg4 e6 19. Nf4 Nd8 20. Rxd8 Rxd8 21.
Nxe6+ Kg8 22. Nxd8 Qxd8 23. Rd1 Qc7 24. h4 f5 25. Be2 h6 26. Bc4+ Kh7 27. Qd4 Bc6 28. Qd6 Qxd6 29. Rxd6 Rc8 30. h5 g5 31. Be6 Rc7 32.
Bxf5+ Kg7 33. Rg6+ Kf7 34. Rxh6 Kg8 35. Rg6+ Kf8 36.
Rxg5 Be8 37. h6 Bd7 38. h7 1-0

[Event "*** Titled Tuesday Blitz"]
[Site "Chess.com"]
[Date "2020.05.12"]
[Round "9"]
[White "GMKrikor"]
[Black "GameOverBro"]
[Result "0-1"]
[WhiteElo "2781"]
[BlackElo "2515"]
[TimeControl "180+1"]
[EndTime "11:41:45 PDT"]
[Termination "GameOverBro won by resignation"]

1. e4 d6 2. d4 Nf6 3. Nc3 e5 4. Nf3 Nbd7 5. Bc4 Be7 6. O-O h6 7. Re1 c6 8. a4 Qc7 9. Be3 Nf8 10. a5 Ng6 11. h3 O-O 12. Qd2 Kh7 13. Bf1 Bd7 14.
b4 Rad8 15. d5 cxd5 16. Nxd5 Nxd5 17. exd5 Ra8 18. c4 f5 19. Qd1 f4 20. Bc1 Bf5 21. Bd3 Rac8 22. Bxf5 Rxf5 23. Nd2 f3 24. g3 Qd7 25. Ra3 Bg5 26. Rxf3 Bxd2 27. Bxd2 Rxc4 28. Be3 Rxf3 29. Qxf3 Qxh3 30. b5 e4 31. Qg2 Qf5 32. Bxa7 Qxd5 33. a6 Qxb5 34. Rxe4 Qb1+ 35. Kh2 Rxe4 36. Qxe4 Qxe4 0-1

[Event "*** Titled Tuesday Blitz"]
[Site "Chess.com"]
[Date "2020.05.12"]
[Round "9"]
[White "124chess"]
[Black "FLamps8"]
[Result "1-0"]
[WhiteElo "2789"]
[BlackElo "2589"]
[TimeControl "180+1"]
[EndTime "11:41:49 PDT"]
[Termination "124chess won by resignation"]

1. d4 d5 2. Nf3 Nf6 3. c3 e6 4. Bf4 Bd6 5. Bg3 c5 6. e3 Qe7 7.
Nbd2 Nbd7 8. Ne5 O-O 9. Bd3 Bxe5 10. dxe5 Ne8 11. Qh5 g6 12. Qh6 f6 13. Nf3 Qg7 14.
Qxg7+ Kxg7 15. O-O f5 16. c4 Nb6 17. cxd5 Nxd5 18.
Rac1 b6 19. e4 fxe4 20. Bxe4 Bb7 21. Rfd1 Nec7 22. h4 Rad8 23. h5 Ba8 24. hxg6 hxg6 25. Ng5 Rd7 26. Bf3 Re7 27. Bh4 Nf4 28. Bxa8 Ne2+ 29. Kf1 Nxc1 30. Ne4 Rxa8 31. Bxe7 Nd5 32. Bf6+ Kf7 33. Rxc1 Rh8 34. Bxh8 1-0

[Event "*** Titled Tuesday Blitz"]
[Site "Chess.com"]
[Date "2020.05.12"]
[Round "9"]
[White "RobertPrieb2007"]
[Black "SlovenskiZmaj"]
[Result "1-0"]
[WhiteElo "2380"]
[BlackElo "2537"]
[TimeControl "180+1"]
[EndTime "11:41:50 PDT"]
[Termination "RobertPrieb2007 won by resignation"]

1. d4 d6 2. c4 f5 3. Nc3 Nf6 4.
Nf3 g6 5. g3 Bg7 6. Bg2 O-O 7.
O-O c6 8. Qb3 Na6 9. c5+ Kh8 10.
cxd6 exd6 11. Bg5 h6 12. Bxf6 Qxf6 13. e4 f4 14. e5 Qd8 15. Nh4 Kh7 16. Be4 Bf5 17.
Qxb7 Nc7 18. Bxf5 gxf5 19. Qxc6 Ne8 20. Rae1 Rc8 21. Qa6 fxg3 22. hxg3 f4 23. e6 Rc7 24.
Nd5 Qg5 25. e7 fxg3 26. Qd3+ Kh8 27. Ng6+ Kg8 28. exf8=R+ Bxf8 29. fxg3 1-0

[Event "*** Titled Tuesday Blitz"]
[Site "Chess.com"]
[Date "2020.05.12"]
[Round "9"]
[White "PhileKhoob"]
[Black "Ave_Mariia"]
[Result "0-1"]
[WhiteElo "2435"]
[BlackElo "2285"]
[TimeControl "180+1"]
[EndTime "11:41:51 PDT"]
[Termination "Ave_Mariia won by resignation"]

1. e4 c5 2. Nf3 d6 3. d4 cxd4 4. Nxd4 Nf6 5. Nc3 g6 6. Be3 Bg7 7. f3 O-O 8. Qd2 Nc6 9. O-O-O d5 10. exd5 Nxd5 11. Nxc6 bxc6 12. Bd4 Bxd4 13. Qxd4 Qb6 14. Na4 Qa5 15. b3 Rd8 16. c4 Bf5 17. cxd5 Rxd5 18. Qc3 Rxd1+ 19. Kxd1 Rd8+ 20. Kc1 Qd5 21. Bc4 Qd6 22. b4 Qf4+ 23. Kb2 Rd2+ 24. Ka3 Rc2 25. Qb3 Rxc4 26. Nc5 Bc2 27. Qb2 Rxc5 0-1

[Event "*** Titled Tuesday Blitz"]
[Site "Chess.com"]
[Date "2020.05.12"]
[Round "9"]
[White "archess2"]
[Black "Belka1989"]
[Result "0-1"]
[WhiteElo "2302"]
[BlackElo "2145"]
[TimeControl "180+1"]
[EndTime "11:41:53 PDT"]
[Termination "Belka1989 won by resignation"]

1. d4 Nf6 2. c4 e5 3. dxe5 Ng4 4.
Bf4 Bb4+ 5. Nd2 Nc6 6. Nf3 Qe7 7. h3 Ngxe5 8. Nxe5 Nxe5 9. e3 d6 10. Be2 Bd7 11. O-O O-O 12. a3 Bxd2 13. Qxd2 b6 14. Rfd1 Bc6 15. b4 Nd7 16. b5 Bb7 17. Bd3 Nc5 18.
Bc2 Be4 19. Bxe4 Qxe4 20. Qc3 Rae8 21. Rd4 Qe7 22. Rad1 f5 23. R4d2 Ne4 24. Qc2 Nxd2 25. Qxd2 Qe4 26. Qc3 h6 27. f3 Qe6 28. Qd4 g5 29. Bh2 Qxe3+ 30. Qxe3 Rxe3 31. a4 Rfe8 32. Bg3 Rc3 33. h4 Rxc4 34. hxg5 hxg5 35. a5 f4 36. Bf2 Re2 37. axb6 axb6 38. Ra1 Rcc2 39. Bd4 Rxg2+ 40. Kf1 Ra2 41. Re1 Rgd2 42. Bf6 Rf2+ 43. Kg1 Rg2+ 44. Kf1 Rh2 45. Kg1 Rag2+ 46. Kf1 Rh1+ 47. Kxg2 Rxe1 48. Bxg5 Re5 49. Bxf4 Rxb5 50. Kg3 Kf7 51. Be3 Rb3 52. Bf2 c5 53. Kg4 c4 54. f4 c3 0-1

[Event "*** Titled Tuesday Blitz"]
[Site "Chess.com"]
[Date "2020.05.12"]
[Round "9"]
[White "Nastya_Rakhmangulova"]
[Black "PotapovaM"]
[Result "1-0"]
[WhiteElo "2309"]
[BlackElo "2403"]
[TimeControl "180+1"]
[EndTime "11:41:55 PDT"]
[Termination "Nastya_Rakhmangulova won by checkmate"]

1. e4 c5 2. Nf3 d6 3. d4 cxd4 4. Nxd4 Nf6 5. Nc3 a6 6. h4 e5 7. Nb3 Be7 8. Be2 O-O 9. g4 Be6 10. g5 Nfd7 11. f4 exf4 12. Bxf4 Ne5 13. Qd2 Nbc6 14.
O-O-O a5 15. a4 Nb4 16. Kb1 Qb6 17. Nd4 Rfc8 18. Rhf1 Nc4 19. Bxc4 Rxc4 20. Nxe6 fxe6 21. Bxd6 Rd8 22. Bxe7 Rdc8 23. Qd8+ Rxd8 24. Rxd8+ Qxd8 25. Bxd8 Nc6 26. Bb6 Rb4 27. Bc5 Rc4 28. Rf8# 1-0